[Event "*** SCC Grand Prix: Titled Tuesday Blitz"]
[Site "Chess.com"]
[Date "2020.09.29"]
[Round "1"]
[White "TrimitziosP7"]
[Black "Makswolf200817"]
[Result "1/2-1/2"]
[WhiteElo "2827"]
[BlackElo "2424"]
[TimeControl "180+1"]
[EndTime "10:09:20 PDT"]
[Termination "Game drawn by repetition"]

1. e4 e6 2. Nc3 d5 3. d4 Bb4 4. e5 c5 5. Qg4 cxd4 6. Qxd4 Nc6 7. Bb5 Qa5 8. Bd2 Bd7 9. Bxc6 bxc6 10. Qg4 Kf8 11. Nge2 Ne7 12. a3 Bxc3 13. Nxc3 Qb6 14. b4 h5 15. Qe2 Nf5 16. O-O h4 17. Na4 Qb5 18. Qxb5 cxb5 19. Nc5 Bc6 20. h3 d4 21.
c3 Ke7 22. cxd4 Nxd4 23. Rad1 Rad8 24. Bg5+ f6 25. Be3 Nf5 26. Bc1 Kf7 27. Bb2 Rd5 28. Rxd5 Bxd5 29. Rc1 Rc8 30. f3 Bc4 31. Ne4 fxe5 32.
Bxe5 Rd8 33. a4 a6 34. axb5 axb5 35. Ra1 Kg6 36. Re1 Rd5 37. Nc5 Rd2 38. Nxe6 Bxe6 39. Bf4 Rd4 40. Rxe6+ Kf7 41. Re4 Rd1+ 42. Kf2 Nd4 43.
Bg5 Nc6 44. Bxh4 Rb1 45. Bg3 Nxb4 46. Bd6 Nd5 47. Rd4 Nf6 48. Rb4 Rxb4 49. Bxb4 Nd5 50. Bd2 b4 51. Ke2 Ke6 52. Kd3 b3 53. Bc1 Kf5 54. g3 g5 55. Kc4 b2 56. Bxb2 Ne3+ 57. Kd3 Nf1 58. g4+ Kf4 59. Ke2 Nh2 60. Bc1+ Kg3 61.
Bxg5 Nxf3 62. Be3 Ne5 63. g5 Kxh3 64. Bd4 Ng6 65. Ke3 Kh4 66. Bf6 Kg4 67. Ke4 Nh4 68. Ke5 Ng6+ 69. Ke6 Kh5 70. Kf5 Nh4+ 71. Ke6 Ng6 72.
Kf7 Nh4 73. Bd8 Ng6 74. Kf6 Nh4 75. Ba5 Ng6 76. Be1 Nf4 77. Bd2 Ng6 78. Be3 Nh4 79. Bf2 Ng6 80. Bg3 Nh8 81. Bf4 Ng6 82. Bd2 Nh4 83. Be1 Ng6 84. Bg3 Nh8 85. Bc7 Ng6 86.
Kf5 Nh4+ 87. Kf6 Ng6 88. Ba5 Nh4 89. Be1 Ng6 90. Bg3 1/2-1/2

[Event "*** SCC Grand Prix: Titled Tuesday Blitz"]
[Site "Chess.com"]
[Date "2020.09.29"]
[Round "1"]
[White "johnathan113"]
[Black "TC2304"]
[Result "1/2-1/2"]
[WhiteElo "2577"]
[BlackElo "2290"]
[TimeControl "180+1"]
[EndTime "10:09:25 PDT"]
[Termination "Game drawn - insufficient material"]

1. d4 Nf6 2. Nc3 d5 3. Bf4 a6 4. e3 c5 5. dxc5 e6 6. b4 b6 7. Na4 bxc5 8. Nxc5 Bxc5 9. bxc5 Ne4 10. Qd4 Qa5+ 11. c3 f6 12. Qb4 Nc6 13. Qxa5 Nxa5 14. Nf3 e5 15. Bg3 Be6 16. Rb1 O-O 17. Rb6 Bf7 18. Bxa6 Nxc5 19. Bb5 Rfb8 20. Rxb8+ Rxb8 21. a4 Be8 22. O-O Bxb5 23. Rb1 Nab3 24. axb5 Rxb5 25. Nd2 Kf7 26. c4 dxc4 27. Nxc4 Rb4 28. Nd2 Rb7 29. Nc4 Rb4 30. Na5 Rb5 31. Nxb3 Rxb3 32. Rd1 Rd3 33.
Rc1 Nb3 34. Rb1 Kg6 35. h4 Nd2 36. Rb7 Ne4 37. Kh2 Nxg3 38. Kxg3 h5 39. Rb4 Rd2 40. Ra4 Rc2 41. Ra5 Rd2 42. Kf3 Rc2 43. g3 Rc4 44.
Ra3 Rb4 45. Rc3 Ra4 46. Kg2 Rb4 47. f4 exf4 48. gxf4 Rb2+ 49. Kf3 Rb1 50. Rc2 Rf1+ 51. Ke4 Rh1 52. Rg2+ Kf7 53. Kf3 Rh3+ 54. Ke4 Rxh4 55.
Kd5 Rg4 56. Rb2 Rg3 57. e4 Rd3+ 58. Kc4 Re3 59. Kd4 Re1 60. e5 fxe5+ 61. fxe5 Rd1+ 62. Ke4 Rg1 63. Rb7+ Ke6 64. Rb6+ Ke7 65. Rb7+ Ke6 66. Rb6+ Kf7 67. Kf5 Rf1+ 68. Kg5 Re1 69. Kf5 g6+ 70. Kf4 h4 71. Rb7+ Ke6 72. Rb6+ Kf7 73. Rb7+ Ke8 74.
Kg5 h3 75. Rh7 Rxe5+ 76. Kxg6 Re3 77. Kg5 Kd8 78. Kf4 Rb3 79. Kg4 Kc8 80. Kf4 Kd8 81.
Kg4 Kc8 82. Rh8+ Kc7 83. Rxh3 Rxh3 84. Kxh3 1/2-1/2

[Event "*** SCC Grand Prix: Titled Tuesday Blitz"]
[Site "Chess.com"]
[Date "2020.09.29"]
[Round "1"]
[White "Belka1989"]
[Black "blitzking1729"]
[Result "1-0"]
[WhiteElo "2251"]
[BlackElo "2541"]
[TimeControl "180+1"]
[EndTime "10:09:32 PDT"]
[Termination "Belka1989 won by checkmate"]

1. d4 d6 2. Nf3 Nf6 3. Bf4 g6 4. e3 Bg7 5. Be2 O-O 6. O-O c5 7. c3 cxd4 8. exd4 Nc6 9. Nbd2 Re8 10. Re1 e5 11. dxe5 dxe5 12. Be3 Nd5 13. Nc4 Nxe3 14.
fxe3 Be6 15. Qxd8 Raxd8 16. Rad1 f6 17. a4 Bf8 18. b4 a6 19. a5 Na7 20. Nb6 Bh6 21.
Kf2 Nc6 22. Bc4 Kf7 23. e4 Ne7 24. Bxe6+ Kxe6 25. g4 Nc6 26. Nd5 Rd7 27. Nb6 Rxd1 28. Rxd1 Rd8 29. Rxd8 Nxd8 30. Ke2 Kd6 31. Nc4+ Ke7 32.
Nb6 Ne6 33. Nd5+ Kf7 34. c4 Bf8 35. c5 Nd8 36. Kd3 Nc6 37. Kc4 Ke6 38. h3 f5 39.
gxf5+ gxf5 40. exf5+ Kxf5 41. Nh4+ Ke6 42. Nf3 h6 43. Nc7+ Kd7 44. Nd5 Be7 45. Nd2 Ke6 46.
Ne4 Kf5 47. Ndc3 Bf8 48. Nd6+ Bxd6 49. cxd6 Ke6 50. Kc5 Nb8 51. Kb6 Nd7+ 52. Kxb7 Kxd6 53. Kxa6 Nf6 54. b5 e4 55. b6 e3 56. b7 Nd7 57.
Ka7 Kc5 58. b8=Q Nxb8 59. Kxb8 Kb4 60. a6 Kxc3 61. a7 Kd2 62. a8=Q e2 63. Qa5+ Kd1 64. Qd5+ Kc1 65. Qc4+ Kd2 66. Qd4+ Kc2 67. Qe3 Kd1 68. Qd3+ Ke1 69. Kc7 Kf2 70. Qf5+ Kg2 71. Qg4+ Kf2 72. Qf4+ Kg2 73. Qe3 Kf1 74. Qf3+ Ke1 75. Kd6 Kd2 76. Qd5+ Ke3 77. Qa5 Kf2 78. Qf5+ Ke3 79. Qe6+ Kf2 80.
Qf6+ Ke3 81. Qe6+ Kf2 82. Qf6+ Ke3 83. Qxh6+ Kf3 84. Qe6 Kf2 85. Qxe2+ Kxe2 86. h4 Kf3 87. h5 Ke4 88. h6 Kf5 89. h7 Kg6 90. h8=Q Kf5 91.
Qe5+ Kg4 92. Qf6 Kh5 93. Qg7 Kh4 94. Ke5 Kh3 95. Kf4 Kh4 96. Qg4# 1-0

[Event "*** SCC Grand Prix: Titled Tuesday Blitz"]
[Site "Chess.com"]
[Date "2020.09.29"]
[Round "1"]
[White "kasparicy"]
[Black "Aygehovit1992"]
[Result "0-1"]
[WhiteElo "2339"]
[BlackElo "2657"]
[TimeControl "180+1"]
[EndTime "10:09:38 PDT"]
[Termination "Aygehovit1992 won on time"]

1. e4 c5 2. Nf3 d6 3. d4 cxd4 4. Nxd4 Nf6 5. Nc3 g6 6. Be3 Bg7 7. Be2 O-O 8. Qd2 Nc6 9. O-O-O Be6 10. h4 Nxd4 11. Bxd4 Qa5 12. Kb1 Rfc8 13. b3 h5 14. Bf3 Nd7 15. Bxg7 Kxg7 16. Nd5 Qxd2 17. Rxd2 Bxd5 18.
exd5 Rc3 19. Re1 Kf6 20. Rde2 Ne5 21. Be4 Rac8 22. Kb2 b5 23. a3 R8c7 24. Re3 Rxe3 25. Rxe3 a5 26. c3 a4 27. Bc2 axb3 28. Kxb3 Rc5 29. Be4 Nc4 30. Re2 Nb6 31. Rd2 Na4 32. Rd3 Ke5 33. Bf3 Rc4 34. Re3+ Kf6 35. g3 Nc5+ 36. Kb2 Na4+ 37. Kb3 Nb6 38. Be2 Rc5 39. Bf3 Nxd5 40. Rd3 Nb6 41. Kb4 Ke6 42. Be2 Kd7 43. Bf3 e6 44. Rd4 Rf5 45. Be2 Rxf2 46. Bxb5+ Kc7 47. a4 Rf3 48. c4 Rxg3 49. a5 Nc8 50. a6 Na7 51. Rf4 f5 52. Rf2 e5 53. Rd2 Rg4 54. Ka5 Rxh4 55. c5 d5 56. Rxd5 Rd4 57. Rxe5 Re4 58. Rd5 Re7 59. Rd6 f4 60. Rxg6 Rf7 61.
Bc4 Re7 62. Rf6 Nc6+ 63. Kb5 Nd4+ 64. Kb4 f3 65. Bd5 Re1 66. a7 Rb1+ 67. Kc3 Nb5+ 68. Kd2 Nxa7 69. Ke3 Rb5 70. Bxf3 Rxc5 71. Bxh5 Rxh5 72.
Kf4 Nc6 73. Rf5 Rh4+ 74. Kg5 Ra4 75. Rf7+ Kd6 76. Rf6+ Kd5 77. Rf5+ Ne5 78. Kf6 Ra6+ 79. Kg5 Ke4 80. Rf8 Nf3+ 81. Kg4 Rg6+ 82. Kh5 Rg1 83. Re8+ Ne5 84. Rf8 Rg2 85. Kh6 Nd7 86. Re8+ Kf5 87. Ra8 Ne5 88. Rf8+ Ke6 0-1

[Event "*** SCC Grand Prix: Titled Tuesday Blitz"]
[Site "Chess.com"]
[Date "2020.09.29"]
[Round "1"]
[White "Vesper2018"]
[Black "Ruchess27"]
[Result "1-0"]
[WhiteElo "2603"]
[BlackElo "2291"]
[TimeControl "180+1"]
[EndTime "10:09:38 PDT"]
[Termination "Vesper2018 won by checkmate"]

1. e4 e5 2. Nf3 Nc6 3. Bc4 Nf6 4. d3 Be7 5. O-O O-O 6. Re1 d6 7. c3 h6 8. Bb3 Nh7 9. h3 Kh8 10. d4 f5 11. exf5 exd4 12. Nxd4 Nxd4 13. cxd4 Bxf5 14. Nc3 Bh4 15. Be3 Ng5 16. Qh5 Bxh3 17. gxh3 Nf3+ 18. Kg2 Nxe1+ 19. Rxe1 Qf6 20. Ne4 Qe7 21. Ng3 Bg5 22. Bd2 Qd8 23. Bxg5 Qxg5 24. Qxg5 hxg5 25.
Re7 Rac8 26. Ne4 Kh7 27. Nxg5+ Kg6 28. Ne6 Rf6 29. Rxg7+ Kh6 30. Rg4 c6 31. f4 d5 32.
Ng5 Re8 33. Rh4+ Kg7 34. Rh7+ Kg8 35. Kf3 Re1 36. Rxb7 Rf1+ 37. Kg2 R1xf4 38. Kg3 Rf1 39. Kg2 R1f2+ 40. Kg3 Rf1 41. h4 Rg1+ 42. Kh2 Rgf1 43.
Rb8+ Kg7 44. Nh3 R1f3 45. Rb7+ Kh6 46. Kg2 Kh5 47. Rh7+ Kg6 48. Rh8 Rf1 49. Rg8+ Kh7 50. Rg5 Rb1 51. Bc2+ Kh6 52. Bxb1 c5 53. Rg4 cxd4 54.
Rg8 Rb6 55. Ng5 Rxb2+ 56. Kg3 Rxb1 57. Rd8 d3 58. Rxd5 Rd1 59. Nf3 Kg7 60. Ne5 d2 61.
Nf3 Ra1 62. Rxd2 Kf6 63. Kf4 Rb1 64. h5 Rb4+ 65. Kg3 Rb5 66. Rd6+ Kg7 67. Ra6 Rxh5 68. Rxa7+ Kg6 69. Kg4 Rb5 70. Ra6+ Kg7 71. a4 Rb4+ 72. Kf5 Rb3 73. Ne5 Rb1 74. Ra7+ Kh6 75. a5 Rf1+ 76. Ke6 Re1 77. a6 Ra1 78. Ra8 Kg5 79. a7 Kf4 80. Rf8+ Ke3 81. a8=Q Rd1 82. Rf3+ Ke2 83.
Qa2+ Rd2 84. Qc4+ Ke1 85. Rf1# 1-0

[Event "*** SCC Grand Prix: Titled Tuesday Blitz"]
[Site "Chess.com"]
[Date "2020.09.29"]
[Round "2"]
[White "GjakanTati"]
[Black "FMalexhdez"]
[Result "1-0"]
[WhiteElo "2631"]
[BlackElo "2226"]
[TimeControl "180+1"]
[EndTime "10:11:47 PDT"]
[Termination "GjakanTati won by resignation"]

1. d4 Nf6 2. c4 e6 3. Nf3 Bb4+ 4. Bd2 a5 5. g3 Qe7 6. Bg2 d6 7. O-O Nbd7 8. Bc1 a4 9. a3 Ba5 10. Qxa4 Kf8 11. b4 Nb6 12. Qb3 1-0

[Event "*** SCC Grand Prix: Titled Tuesday Blitz"]
[Site "Chess.com"]
[Date "2020.09.29"]
[Round "2"]
[White "tgpgoat"]
[Black "Oleksandr_Bortnyk"]
[Result "0-1"]
[WhiteElo "2007"]
[BlackElo "2894"]
[TimeControl "180+1"]
[EndTime "10:12:01 PDT"]
[Termination "Oleksandr_Bortnyk won by resignation"]

1. Nf3 Nf6 2. d4 b6 3. c4 Bb7 4. Nc3 g6 5. g3 Bg7 6. Bg2 O-O 7. O-O Ne4 8. Nxe4 Bxe4 9. b3 d5 10. Bb2 c5 11. Ne5 Bxg2 12. Kxg2 dxc4 13. bxc4 cxd4 14. Qxd4 Qc7 15. Qf4 Nc6 16. Nxc6 Qxc6+ 0-1

[Event "*** SCC Grand Prix: Titled Tuesday Blitz"]
[Site "Chess.com"]
[Date "2020.09.29"]
[Round "2"]
[White "Jumbo"]
[Black "SRDR8290"]
[Result "1-0"]
[WhiteElo "2711"]
[BlackElo "2466"]
[TimeControl "180+1"]
[EndTime "10:12:04 PDT"]
[Termination "Jumbo won by resignation"]

1. e4 e6 2. d4 d5 3. Nd2 Ne7 4. e5 b6 5. c3 a5 6. h4 h6 7.
h5 Ba6 8. f4 Bxf1 9. Kxf1 c5 10. Ndf3 Nc8 11. g4 Be7 12. f5 b5 13. Kg2 b4 14. Ne2 Nc6 15. Nf4 Qd7 16. fxe6 fxe6 17. Ng6 Nd8 18. Nxh8 1-0

[Event "*** SCC Grand Prix: Titled Tuesday Blitz"]
[Site "Chess.com"]
[Date "2020.09.29"]
[Round "2"]
[White "swimmerchess"]
[Black "RestartingChess"]
[Result "1-0"]
[WhiteElo "2826"]
[BlackElo "2523"]
[TimeControl "180+1"]
[EndTime "10:12:05 PDT"]
[Termination "swimmerchess won by resignation"]

1. e4 Nf6 2. e5 Nd5 3. d4 d6 4. c4 Nb6 5. f4 g6 6. Nc3 Bg7 7.
Nf3 O-O 8. Be3 N8d7 9. c5 dxc5 10. dxc5 Nxc5 11. Qxd8 Rxd8 12. Bxc5 e6 13. Nb5 Nd5 14. O-O-O a6 15. Nxc7 Bd7 16. Nxa8 Rxa8 17. Kb1 Bc6 18. Nd4 Nxf4 19. Nxc6 bxc6 20. Bd6 Nd5 21. Rc1 f6 22. exf6 Bxf6 23. Rxc6 a5 24. Bc4 a4 25. Re1 Kf7 26.
Ba3 Rb8 27. Rexe6 Nc3+ 28. Kc2 1-0

[Event "*** SCC Grand Prix: Titled Tuesday Blitz"]
[Site "Chess.com"]
[Date "2020.09.29"]
[Round "2"]
[White "gagtemp"]
[Black "RaunakSadhwani2005"]
[Result "0-1"]
[WhiteElo "1968"]
[BlackElo "2926"]
[TimeControl "180+1"]
[EndTime "10:12:09 PDT"]
[Termination "RaunakSadhwani2005 won by resignation"]

1. e4 g6 2. d4 Bg7 3. Nc3 d6 4. Nf3 a6 5. Be3 b5 6. Bd3 Bb7 7. Qd2 Nd7 8. O-O-O Nb6 9. h4 h6 10. g4 b4 11. Ne2 Nf6 12. Rhg1 Nxe4 13. g5 Nxd2 0-1

[Event "*** SCC Grand Prix: Titled Tuesday Blitz"]
[Site "Chess.com"]
[Date "2020.09.29"]
[Round "2"]
[White "LogoCzar"]
[Black "artichaud"]
[Result "1-0"]
[WhiteElo "2422"]
[BlackElo "2198"]
[TimeControl "180+1"]
[EndTime "10:12:23 PDT"]
[Termination "LogoCzar won by resignation"]

1. e4 d6 2. d4 Nf6 3. Nc3 c6 4. f4 Qa5 5. e5 Ne4 6. Nf3 Bg4 7. h3 Nxc3 8. bxc3 Qxc3+ 9. Bd2 Bxf3 10. Qb1 Qxd4 11.
Qxb7 Qxa1+ 12. Kf2 f5 13. e6 Kd8 14. Ba5+ 1-0

[Event "*** SCC Grand Prix: Titled Tuesday Blitz"]
[Site "Chess.com"]
[Date "2020.09.29"]
[Round "2"]
[White "Fh2411"]
[Black "ChronicUnhappiness"]
[Result "1-0"]
[WhiteElo "2528"]
[BlackElo "2309"]
[TimeControl "180+1"]
[EndTime "10:12:32 PDT"]
[Termination "Fh2411 won by resignation"]

1. Nf3 d5 2. d4 Nf6 3. Bf4 Bf5 4. c4 e6 5. Nc3 Bb4 6. e3 c5 7. a3 Bxc3+ 8. bxc3 Qa5 9. Qb3 O-O 10. Bd6 Ne4 11.
Bxf8 Nxc3 12. Bxc5 Na6 13. Bb4 Nxb4 14. Qxb4 1-0

[Event "*** SCC Grand Prix: Titled Tuesday Blitz"]
[Site "Chess.com"]
[Date "2020.09.29"]
[Round "2"]
[White "Joshukid"]
[Black "Indianlad"]
[Result "0-1"]
[WhiteElo "2576"]
[BlackElo "2934"]
[TimeControl "180+1"]
[EndTime "10:12:34 PDT"]
[Termination "Indianlad won by resignation"]

1. Nf3 d5 2. d4 Bf5 3. Bf4 e6 4. e3 c5 5. Bb5+ Nc6 6. O-O Bd6 7. Bg3 Ne7 8. Ne5 O-O 9. Nxc6 bxc6 10. Bd3 Bxg3 11.
hxg3 cxd4 12. exd4 Qb6 13. Nc3 Qxd4 14. Bxf5 Nxf5 15.
Qe2 Rab8 16. Rab1 Nxg3 0-1

[Event "*** SCC Grand Prix: Titled Tuesday Blitz"]
[Site "Chess.com"]
[Date "2020.09.29"]
[Round "2"]
[White "Colombiano07"]
[Black "frederiksvane"]
[Result "0-1"]
[WhiteElo "2346"]
[BlackElo "2689"]
[TimeControl "180+1"]
[EndTime "10:12:34 PDT"]
[Termination "frederiksvane won by resignation"]

1. c4 Nf6 2. g3 e6 3. Bg2 d5 4. b3 Be7 5. Bb2 O-O 6. Nf3 c5 7. cxd5 Nxd5 8. O-O Nc6 9. a3 Bf6 10. Qc2 b6 11. d3 Bb7 12. Nbd2 Rc8 13. Rac1 Bxb2 14. Qxb2 Qf6 15. Qxf6 Nxf6 16. Rc2 Rfd8 17. Rfc1 a5 18. Nc4 b5 19. Nb6 Rb8 20. Rxc5 Ne7 21.
Rxb5 Ba6 22. Rcc5 Bxb5 23. Rxb5 Ned5 0-1

[Event "*** SCC Grand Prix: Titled Tuesday Blitz"]
[Site "Chess.com"]
[Date "2020.09.29"]
[Round "2"]
[White "BanjoKazooieN64"]
[Black "Sethu0025"]
[Result "0-1"]
[WhiteElo "2495"]
[BlackElo "2770"]
[TimeControl "180+1"]
[EndTime "10:12:36 PDT"]
[Termination "Sethu0025 won by resignation"]

1. e4 d6 2. d4 g6 3. Nc3 Bg7 4. f4 a6 5. Nf3 b5 6. a3 Nd7 7.
Be3 Bb7 8. d5 Ngf6 9. Bd3 O-O 10. O-O Ng4 11. Qe1 Nxe3 12. Qxe3 c6 13. dxc6 Bxc6 14. Nd4 Qb6 15. Nce2 e5 16. fxe5 dxe5 17. Nf5 gxf5 18. Qxb6 Nxb6 19. exf5 e4 20. f6 Bh6 0-1

[Event "*** SCC Grand Prix: Titled Tuesday Blitz"]
[Site "Chess.com"]
[Date "2020.09.29"]
[Round "2"]
[White "mr65"]
[Black "kobemagic"]
[Result "0-1"]
[WhiteElo "2156"]
[BlackElo "2407"]
[TimeControl "180+1"]
[EndTime "10:12:41 PDT"]
[Termination "kobemagic won by resignation"]

1. e4 Nf6 2. e5 Nd5 3. d4 d6 4.
Nf3 dxe5 5. Nxe5 c6 6. c3 Nd7 7. Nxd7 Bxd7 8. g3 g6 9. Bg2 Bg7 10. O-O O-O 11. Nd2 Qc7 12. Nf3 Bg4 13. h3 Bf5 14. Nh4 Be6 15. f4 Rad8 16. f5 Bc8 17.
Bf4 Nxf4 18. Rxf4 g5 19. f6 exf6 20. Re4 gxh4 21. Rxh4 Qxg3 22. Qh5 Qg6 0-1

[Event "*** SCC Grand Prix: Titled Tuesday Blitz"]
[Site "Chess.com"]
[Date "2020.09.29"]
[Round "2"]
[White "hawes33"]
[Black "Reader777"]
[Result "0-1"]
[WhiteElo "2205"]
[BlackElo "2631"]
[TimeControl "180+1"]
[EndTime "10:12:52 PDT"]
[Termination "Reader777 won by resignation"]

1. e4 c5 2. Nc3 e6 3. g3 Nc6 4. Bg2 g6 5. d3 Bg7 6. Be3 d6 7. Qd2 Nd4 8. Nd1 Ne7 9. c3 Ndc6 10. Bh6 Bxh6 11. Qxh6 Ng8 12. Qd2 Nf6 13. h3 O-O 14. Ne3 d5 15. exd5 exd5 16. O-O-O d4 17. Ng4 h5 18. Nxf6+ Qxf6 19. c4 Bf5 20. g4 hxg4 21. hxg4 Bxg4 22. Qh6 Qg7 23. Qh4 Bxd1 24. Kxd1 Rfe8 25.
Be4 Re5 26. Nf3 Rh5 27. Qxh5 gxh5 28. Rxh5 f6 29. Nh4 Ne5 30. Nf5 Qg4+ 0-1

[Event "*** SCC Grand Prix: Titled Tuesday Blitz"]
[Site "Chess.com"]
[Date "2020.09.29"]
[Round "2"]
[White "almaguerjm"]
[Black "Justinz"]
[Result "1-0"]
[WhiteElo "2304"]
[BlackElo "2436"]
[TimeControl "180+1"]
[EndTime "10:12:55 PDT"]
[Termination "almaguerjm won by resignation"]

1. d4 Nf6 2. Nc3 e6 3. Bf4 d5 4. e3 Bd6 5. Qf3 O-O 6. Bd3 c5 7. dxc5 Bxc5 8. O-O-O Nbd7 9. Bg5 Ne5 10. Qg3 Nxd3+ 11. Rxd3 Kh8 12. Nge2 a6 13. e4 d4 14. e5 Nh5 15. Qh4 Qc7 16. Qxh5 dxc3 17. Rh3 1-0

[Event "*** SCC Grand Prix: Titled Tuesday Blitz"]
[Site "Chess.com"]
[Date "2020.09.29"]
[Round "2"]
[White "fighter2jz"]
[Black "barbara25"]
[Result "1-0"]
[WhiteElo "2647"]
[BlackElo "2342"]
[TimeControl "180+1"]
[EndTime "10:13:04 PDT"]
[Termination "fighter2jz won by resignation"]

1. e4 c5 2. Nf3 d6 3. d4 cxd4 4. Nxd4 Nf6 5. Nc3 a6 6. h3 e5 7. Nde2 Be7 8. g4 Be6 9. Bg2 Nc6 10. O-O b5 11. Nd5 Bxd5 12. exd5 Na5 13. Ng3 g6 14. f4 exf4 15. Bxf4 O-O 16. Bh6 Re8 17. Qf3 Nc4 18.
Ne4 Ne5 19. Nxf6+ Kh8 20. Qf2 1-0

[Event "*** SCC Grand Prix: Titled Tuesday Blitz"]
[Site "Chess.com"]
[Date "2020.09.29"]
[Round "2"]
[White "SophieNikoladze"]
[Black "Chigorinetz"]
[Result "1-0"]
[WhiteElo "2279"]
[BlackElo "2422"]
[TimeControl "180+1"]
[EndTime "10:13:04 PDT"]
[Termination "SophieNikoladze won by resignation"]

1. d4 d5 2. Nf3 Nc6 3. e3 Bg4 4. Nbd2 e5 5. dxe5 Nxe5 6. Be2 Nxf3+ 7. Nxf3 Nf6 8. O-O Bd6 9. c4 dxc4 10. Qa4+ Qd7 11.
Qxc4 O-O 12. h3 Be6 13. Qh4 Rfe8 14. e4 Nxe4 15. Qxe4 Bxh3 16. Qh4 Bxg2 17. Bd3 Bxf3 18. Qxh7+ Kf8 19. Qh8+ Ke7 20. Bg5+ Ke6 21. Qh3+ 1-0

[Event "*** SCC Grand Prix: Titled Tuesday Blitz"]
[Site "Chess.com"]
[Date "2020.09.29"]
[Round "2"]
[White "pedro_nascimento85"]
[Black "saraswathii"]
[Result "0-1"]
[WhiteElo "2000"]
[BlackElo "2373"]
[TimeControl "180+1"]
[EndTime "10:13:08 PDT"]
[Termination "saraswathii won by resignation"]

1. d4 g6 2. Nf3 Bg7 3. e4 e6 4. c4 Ne7 5. h4 h5 6. Ng5 d5 7. cxd5 exd5 8. e5 O-O 9. Bd3 c5 10. Be3 cxd4 11. Bxd4 Nbc6 12. Bc2 Nxd4 13. Qxd4 Nc6 14.
Qd1 Bxe5 15. Nc3 Bxc3+ 16. bxc3 Re8+ 17. Kf1 Qd6 18. Qf3 Ne5 19. Qg3 Qa6+ 20. Kg1 Qf6 21. Re1 Bd7 22. f3 Rac8 0-1

[Event "*** SCC Grand Prix: Titled Tuesday Blitz"]
[Site "Chess.com"]
[Date "2020.09.29"]
[Round "2"]
[White "ZverevLev"]
[Black "aljado"]
[Result "0-1"]
[WhiteElo "2362"]
[BlackElo "2063"]
[TimeControl "180+1"]
[EndTime "10:13:09 PDT"]
[Termination "aljado won by resignation"]

1. e4 c5 2. Nf3 e6 3. d4 cxd4 4. Nxd4 Bc5 5. Nb3 Bb6 6. Nc3 Ne7 7. Qg4 O-O 8. Bd3 f5 9. exf5 Nxf5 10. O-O Nc6 11.
Bg5 Qe8 12. Rae1 Qg6 13. h4 h6 14. Bxf5 Rxf5 15. Ne4 hxg5 16. Nxg5 d5 17. Qd1 Bd7 18.
c3 Raf8 19. Qd2 Rxf2 20. Rxf2 0-1

[Event "*** SCC Grand Prix: Titled Tuesday Blitz"]
[Site "Chess.com"]
[Date "2020.09.29"]
[Round "2"]
[White "Jadeit90"]
[Black "angryhorse9"]
[Result "0-1"]
[WhiteElo "2316"]
[BlackElo "2541"]
[TimeControl "180+1"]
[EndTime "10:13:12 PDT"]
[Termination "angryhorse9 won by checkmate"]

1. g3 d5 2. Bg2 Nf6 3. c4 e6 4.
cxd5 exd5 5. Nf3 Be7 6. O-O O-O 7. d3 c6 8. Nc3 Bg4 9. e4 dxe4 10. dxe4 Na6 11.
h3 Bxf3 12. Qxf3 Nd7 13. Rd1 Qc7 14. Bf4 Ne5 15. Qh5 Bf6 16. Rac1 g6 17. Qe2 Qe7 18. Bxe5 Bxe5 19. f4 Bc7 20. e5 f6 21. Bxc6 bxc6 22. Qxa6 Bb6+ 23. Kg2 fxe5 24. Qc4+ Kh8 25. Qxc6 exf4 26.
Rd7 f3+ 27. Kh2 Qe3 28. h4 Qf2+ 29. Kh3 Qg2+ 30. Kg4 h5+ 31. Kg5 Qxg3+ 32. Kh6 Be3# 0-1

[Event "*** SCC Grand Prix: Titled Tuesday Blitz"]
[Site "Chess.com"]
[Date "2020.09.29"]
[Round "2"]
[White "Aborigen_came"]
[Black "THE_PLAYER6"]
[Result "1-0"]
[WhiteElo "2744"]
[BlackElo "2482"]
[TimeControl "180+1"]
[EndTime "10:13:21 PDT"]
[Termination "Aborigen_came won by resignation"]

1. Nc3 c5 2. e4 Nc6 3. Bb5 Nd4 4. Nge2 a6 5. Bc4 e6 6. d3 b5 7. Bb3 Bb7 8. Nxd4 cxd4 9. Ne2 Bc5 10. O-O Ne7 11. f4 O-O 12. f5 exf5 13. exf5 Nd5 14. Bxd5 Bxd5 15. Nf4 Bc6 16. Qg4 Be7 17. Nh5 Bf6 18. Bh6 g6 19. Bxf8 Kxf8 20. fxg6 1-0

[Event "*** SCC Grand Prix: Titled Tuesday Blitz"]
[Site "Chess.com"]
[Date "2020.09.29"]
[Round "2"]
[White "Vugar_Manafov"]
[Black "MariaFominykh"]
[Result "1-0"]
[WhiteElo "2688"]
[BlackElo "2346"]
[TimeControl "180+1"]
[EndTime "10:13:21 PDT"]
[Termination "Vugar_Manafov won by resignation"]

1. Nf3 Nf6 2. g3 g6 3. b3 Bg7 4. Bb2 O-O 5. Bg2 d6 6. d4 a5 7.
O-O a4 8. c4 Nc6 9. Nbd2 a3 10.
Bc3 Bg4 11. d5 Na5 12. h3 Bd7 13. b4 Ba4 14. Qxa4 Nxc4 15. Qc2 Nb6 16. e4 c6 17. dxc6 bxc6 18. Rac1 1-0

[Event "*** SCC Grand Prix: Titled Tuesday Blitz"]
[Site "Chess.com"]
[Date "2020.09.29"]
[Round "2"]
[White "BAS8892"]
[Black "Kotofeyca"]
[Result "1-0"]
[WhiteElo "2665"]
[BlackElo "2343"]
[TimeControl "180+1"]
[EndTime "10:13:30 PDT"]
[Termination "BAS8892 won by checkmate"]

1. e4 c5 2. Nf3 d6 3. d4 cxd4 4. Nxd4 Nf6 5. Nc3 a6 6. h3 e6 7. g4 b5 8. Bg2 Bb7 9. O-O b4 10. Nd5 exd5 11. exd5 Bxd5 12. Re1+ Kd7 13. Bxd5 Nxd5 14. Qf3 Nb6 15. Qxf7+ Be7 16. Bg5 Re8 17. Rad1 Ra7 18. Qe6+ Kc7 19. Bxe7 Qd7 20. Bxd6+ Kb7 21. Qxe8 Qxd6 22. Nb5 Qf4 23. Re7+ Ka8 24. Rxa7# 1-0

[Event "*** SCC Grand Prix: Titled Tuesday Blitz"]
[Site "Chess.com"]
[Date "2020.09.29"]
[Round "2"]
[White "Vision_64"]
[Black "AnkitGajwa"]
[Result "1/2-1/2"]
[WhiteElo "2209"]
[BlackElo "2414"]
[TimeControl "180+1"]
[EndTime "10:13:36 PDT"]
[Termination "Game drawn by agreement"]

1. e4 e5 2. Nf3 Nc6 3. Bc4 Nf6 4. d3 Be7 5. c3 O-O 6. h3 d5 7. exd5 Nxd5 8. O-O Nb6 9. Bb3 Bf5 10. Bc2 Qd7 11. Re1 Rad8 12. Nxe5 Nxe5 13. Rxe5 Bxd3 14. Bxd3 Qxd3 15. Qe1 Bf6 16. Re3 Qc2 17. Re2 Rd2 1/2-1/2

[Event "*** SCC Grand Prix: Titled Tuesday Blitz"]
[Site "Chess.com"]
[Date "2020.09.29"]
[Round "2"]
[White "monalize"]
[Black "carlsen1001"]
[Result "1-0"]
[WhiteElo "2297"]
[BlackElo "2430"]
[TimeControl "180+1"]
[EndTime "10:13:37 PDT"]
[Termination "monalize won by resignation"]

1. e4 c5 2. Nf3 Nc6 3. d4 cxd4 4.
Nxd4 Nf6 5. Nc3 d6 6. Bg5 e6 7. Qd2 a6 8. O-O-O Bd7 9. f3 Be7 10.
h4 Nxd4 11. Qxd4 Qc7 12. Kb1 b5 13. a3 h6 14. Bc1 O-O 15. g4 Nh7 16. g5 h5 17. f4 f5 18. exf5 Rxf5 19. Bd3 Rc5 20. Qe4 1-0

[Event "*** SCC Grand Prix: Titled Tuesday Blitz"]
[Site "Chess.com"]
[Date "2020.09.29"]
[Round "2"]
[White "AsaHoffmann"]
[Black "rududuyk"]
[Result "1-0"]
[WhiteElo "2402"]
[BlackElo "2135"]
[TimeControl "180+1"]
[EndTime "10:13:37 PDT"]
[Termination "AsaHoffmann won by resignation"]

1. d4 e6 2. e4 d5 3. e5 c5 4.
Nf3 cxd4 5. Qxd4 Nc6 6. Qf4 Qc7 7. Nc3 a6 8. Bd3 Nge7 9. O-O Ng6 10. Qg3 Ngxe5 11. Nxe5 Qxe5 12. Bf4 Qh5 13. Rfe1 Nb4 14. Rad1 Nxd3 15. Rxd3 Qg6 16. Nxd5 Qxg3 17. hxg3 Ra7 18. Nb6 Bb4 19. c3 Ba5 20. Nxc8 O-O 21. Nxa7 1-0

[Event "*** SCC Grand Prix: Titled Tuesday Blitz"]
[Site "Chess.com"]
[Date "2020.09.29"]
[Round "2"]
[White "Fy_Rakotomaharo"]
[Black "MFBerna"]
[Result "1-0"]
[WhiteElo "2675"]
[BlackElo "2377"]
[TimeControl "180+1"]
[EndTime "10:13:57 PDT"]
[Termination "Fy_Rakotomaharo won by resignation"]

1. e4 c6 2. Nf3 d5 3. d3 Bg4 4.
h3 Bh5 5. Qe2 e6 6. g4 Bg6 7. h4 h6 8. Ne5 Bh7 9. g5 Bd6 10. exd5 Bxe5 11. Qxe5 Qxd5 12. Qxg7 Qxh1 13. Qxh8 Bf5 14. Qxg8+ Ke7 15. Be3 1-0